[Event "26th Hit Open-A 2022"]
[Site "Nova Gorica"]
[Date "2022.09.18"]
[Round "4.19"]
[White "Manish Anto Cristiano F"]
[Black "Bajo, Tin"]
[Result "1-0"]
[ECO "E05"]
[WhiteElo "2249"]
[BlackElo "1999"]
[Annotator "ChessBase"]
[PlyCount "105"]
[EventDate "2022.09.16"]
[EventType "swiss"]
[EventCountry "SLO"]
[SourceTitle "playchess.com"]
[Source "ChessBase"]
[SourceQuality "1"]
[TimeControl "5400+30"]

1. c4 e6 2. d4 d5 3. Nf3 Nf6 4. g3 Be7 5. Bg2 O-O 6. O-O dxc4 7. Qc2 a6 8. a4 Bd7 9. Qxc4 Bc6 10. Nc3 b5 11. Qd3 b4 12. Nb1 Be4 13. Qd1 Nbd7 14. Nbd2 Bb7 15. Nc4 c5 16. Bf4 Nb6 17. Na5 Bd5 18. dxc5 Bxc5 19. Ne5 Bxg2 20. Kxg2 Nbd5 21. Nb7 Nxf4+ 22. gxf4 Qb6 23. Nxc5 Qxc5 24. Rc1 Qb6 25. Qb3 Rfc8 26. h3 a5 27. Rfd1 h6 28. Qf3 Qa6 29. Nc6 Qb7 30. Rc5 Nd5 31. Rdc1 Rc7 32. e4 Nf6 33. Rb5 Qa6 34. Nxb4 Qxb5 35. axb5 Rxc1 36. Nc6 Rc5 37. Qd3 Kh8 38. Ne5 Kg8 39. b6 Rb8 40. Qd6 Rcc8 41. Nc6 Nxe4 42. Qe5 Rb7 43. Qxe4 Kh8 44. Ne5 Rxb6 45. Nxf7+ Kg8 46. Qg6 Kf8 47. Ne5 Rc7 48. f5 Rb5 49. Qxe6 g5 50. Qd6+ Re7 51. Qd8+ Re8 52. Qf6+ Kg8 53. Qf7+ 1-0

[Event "26th Hit Open-A 2022"]
[Site "Nova Gorica"]
[Date "2022.09.18"]
[Round "4.20"]
[White "Markocic, Tine"]
[Black "Ronka, Erik"]
[Result "1/2-1/2"]
[ECO "B32"]
[WhiteElo "2034"]
[BlackElo "2248"]
[Annotator "ChessBase"]
[PlyCount "71"]
[EventDate "2022.09.16"]
[EventType "swiss"]
[EventCountry "SLO"]
[SourceTitle "playchess.com"]
[Source "ChessBase"]
[SourceQuality "1"]
[TimeControl "5400+30"]

1. e4 c5 2. Nf3 e6 3. d4 cxd4 4. Nxd4 Nf6 5. Bd3 Qb6 6. Nb3 Nc6 7. Be3 Qc7 8. f4 d6 9. O-O g6 10. f5 Bg7 11. Nc3 O-O 12. Qd2 Ne5 13. fxe6 fxe6 14. Kh1 Qe7 15. Be2 Bd7 16. Rad1 Nf7 17. e5 Nxe5 18. Qxd6 Qxd6 19. Rxd6 Ne8 20. Rxf8+ Bxf8 21. Rd1 Bc6 22. Nd4 Bb4 23. Nxc6 Nxc6 24. Bc4 Ng7 25. Ne4 Rc8 26. Bh6 Rd8 27. Rf1 Be7 28. Bxg7 Kxg7 29. Bxe6 Ne5 30. c3 Rd3 31. h3 Re3 32. Bd5 b6 33. Rd1 Nd3 34. Rf1 Ne5 35. Rd1 Nd3 36. Rf1 1/2-1/2

[Event "26th Hit Open-A 2022"]
[Site "Nova Gorica"]
[Date "2022.09.18"]
[Round "4.21"]
[White "Walker, Samuel A"]
[Black "Zamar Kodelja, Jurij"]
[Result "0-1"]
[ECO "A59"]
[WhiteElo "2028"]
[BlackElo "2241"]
[Annotator "TA"]
[PlyCount "94"]
[EventDate "2022.09.16"]
[EventType "swiss"]
[EventCountry "SLO"]
[SourceTitle "playchess.com"]
[Source "ChessBase"]
[SourceQuality "1"]
[TimeControl "5400+30"]

1. d4 Nf6 2. c4 c5 3. d5 b5 4. cxb5 a6 5. bxa6 g6 6. Nc3 Bxa6 7. e4 Bxf1 8. Kxf1 d6 9. Nf3 Bg7 10. g3 O-O 11. Kg2 Nbd7 12. a4 {[%emt 0:16:10] is now debated instead of 12.Re1. A59: Benko/Volga Gambit: White castles by hand.} Qb6 13. Qe2 Rfb8 14. Nb5 {[%emt 0:08:11] White is better.} Ne8 15. Ra3 Nc7 16. Nxc7 Qxc7 17. b3 $1 Rb7 18. Qc2 c4 19. Qxc4 Qxc4 20. bxc4 Rb4 {[%emt 0:01:09] [#]} (20... Rba7 $142) 21. a5 $146 ({Predecessor:} 21. Bg5 f6 22. Be3 Rxc4 23. a5 Ra6 24. Rb1 Nc5 25. Nd2 Rc2 26. Rb6 Ra7 27. a6 Kf7 28. Bxc5 Rxc5 29. Rb7 Ra8 30. a7 Rcc8 31. Ra4 {1-0 (30) Stefansson,H (2514)-Sousa,L (2169) Lisbon 2019}) 21... Rxc4 22. Be3 Nc5 23. Bxc5 ({White should try} 23. Rb1 $18) 23... dxc5 ({Better is} 23... Rxc5 $14 24. a6 Rb5) 24. e5 Rb4 25. a6 f6 (25... g5 $142 26. d6 g4) 26. d6 $18 fxe5 27. d7 {[%emt 0:00:55] Threatens to win with Rd1.} ({Weaker is} 27. dxe7 Kf7 $16) 27... e4 28. Rd1 $4 (28. Ng5 $1 $18 Rd4 29. Rb1 Rxd7 30. Rb7 (30. Nxe4 Rda7 $16) 30... Rxb7 31. axb7) 28... exf3+ $19 29. Kxf3 {[%emt 0:06:59] [#]} Rbb8 30. Ke4 e6 31. a7 {[%emt 0:01:36] [#]} (31. Rd6 {might work better.}) 31... Rd8 $1 (31... Rb4+ 32. Kf3 Bf6 33. d8=Q+ Bxd8 34. Rxd8+ Rxd8 35. a8=Q Rb3+ 36. Ke2 Rb2+ 37. Ke3 Rxa8 38. Rxa8+ Kf7 39. Ra7+ Kg8 40. Ra8+ Kg7 41. Ra7+ Kh6 42. Rc7 $11) 32. Rd6 Kf7 33. Raa6 Bf8 (33... Ke7 34. Rxe6+ Kf7 35. Red6 $17) 34. Ke5 (34. Rd2 $142) 34... Bxd6+ 35. Kxd6 c4 {[%emt 0:00:04][%cal Bc5c4,Bc4c3][%mdl 32] ...c3 is the strong threat.} 36. Ra4 c3 37. Rf4+ Kg7 38. Ke7 (38. Kc7 $142 Rxd7+ 39. Kxd7) 38... e5 ({Stronger than} 38... Rxd7+ 39. Kxd7 Rxa7+ 40. Kd6 $17) 39. Rc4 Rf8 40. Rxc3 Rxa7 41. Rd3 e4 42. Rd2 Rf6 {[%emt 0:03:03] And now ...Raa6 would win.} 43. g4 g5 {[%emt 0:00:14][%cal Bg6g5,Bg5h4][%mdl 32] aiming for ...Rf7+.} 44. Rd5 h6 45. h4 gxh4 {[%emt 0:00:18] ( -> ...Rf7+)} 46. g5 Rf7+ 47. Ke6 {[%emt 0:02:19] [#]} Raxd7 $3 {[%emt 0:00:07] What a bad dream for White.  Weighted Error Value: White=0.94/Black=0.42} 0-1

[Event "26th Hit Open-A 2022"]
[Site "Nova Gorica"]
[Date "2022.09.18"]
[Round "4.22"]
[White "Karlusic, Luka"]
[Black "Pirs, Matjaz"]
[Result "1-0"]
[ECO "A52"]
[WhiteElo "2215"]
[BlackElo "2203"]
[Annotator "TA"]
[PlyCount "35"]
[EventDate "2022.09.16"]
[EventType "swiss"]
[EventCountry "SLO"]
[SourceTitle "playchess.com"]
[Source "ChessBase"]
[SourceQuality "1"]
[TimeControl "5400+30"]

1. d4 Nf6 2. c4 e5 3. dxe5 Ng4 4. Bf4 Nc6 5. Nf3 Bb4+ 6. Nc3 Qe7 7. Qd5 f6 8. exf6 Bxc3+ 9. bxc3 Nxf6 10. Qd3 d6 11. g3 O-O 12. Bg2 Kh8 {[%emt 0:21:53] A52: Budapest Gambit.} 13. O-O Nh5 14. Be3 ({Much worse is} 14. Ng5 $6 Bf5 15. e4 Bg6 $11) 14... Be6 (14... Nf6 $14) 15. c5 $16 {[%emt 0:08:00] [#]} Rad8 $146 (15... d5 $16) ({Predecessor:} 15... d5 16. Ng5 Bg8 17. Nf3 Rae8 18. Qb5 Nd8 19. Qa4 a6 20. Qh4 Nf6 21. Bd4 c6 {1-0 (56) Marches Rios,J (2185)-Mas Recorda,P (2160) Spain 1993}) 16. Qb5 $18 {[%emt 0:02:50] [#] aiming for cxd6.} ({Don't take} 16. Ng5 $6 Bg8 $16) 16... Bc8 (16... Qe8 {was worth a try.} 17. Qxb7 Bc8) 17. cxd6 cxd6 (17... Qe8 {is a better defense.} 18. dxc7 Rd7) 18. Qxh5 {[%emt 0:01:02] Black got outplayed after the opening.  Weighted Error Value: White=0.08 (flawless) /Black=1.06} 1-0

[Event "26th Hit Open-A 2022"]
[Site "Nova Gorica"]
[Date "2022.09.18"]
[Round "4.23"]
[White "Petrovcic, Cvetko"]
[Black "Zubova, Mariya"]
[Result "0-1"]
[ECO "C54"]
[WhiteElo "1602"]
[BlackElo "2214"]
[Annotator "TA"]
[PlyCount "66"]
[EventDate "2022.09.16"]
[EventType "swiss"]
[EventCountry "SLO"]
[SourceTitle "playchess.com"]
[Source "ChessBase"]
[SourceQuality "1"]
[TimeControl "5400+30"]

1. e4 e5 2. Nf3 Nc6 3. Bc4 Bc5 4. c3 Nf6 5. d4 exd4 6. cxd4 Bb4+ 7. Nc3 Nxe4 8. O-O Bxc3 9. bxc3 d5 10. Ba3 dxc4 {[%emt 0:04:08] Black is more active. C54: Giuoco Piano: 4 c3 Nf6, main lines with 5 d4 and 5 d3.} 11. Re1 f5 {[%emt 0:01:34] [#] White must now prevent ...Be6.} 12. Nd2 Be6 {[%emt 0:17:28] Black is better.} 13. Nxe4 fxe4 14. Rxe4 {[%emt 0:00:22] [#]} Qd5 ({Black should try} 14... Qd7 $1 $17 {...0-0-0 is the strong threat.} 15. d5 O-O-O 16. Rxe6 Qxd5) 15. Qe2 $2 (15. Qg4 $1 $11 Kf7 16. Qf3+ Kg8 17. Rae1) 15... Kd7 $19 {[%emt 0:01:12] [#]} 16. Rd1 $146 ({Predecessor:} 16. Re1 Rae8 17. Bc1 h5 18. Bf4 g5 19. Be5 Bf5 20. Bxh8 Rxe4 21. Qd2 Rxe1+ 22. Qxe1 g4 23. Bg7 Ne7 24. Bh6 Be4 25. g3 Qf5 26. Bf4 Nd5 {0-1 (26) Dunn,J (1618)-Cooper,R (2009) ICCF email 2016}) 16... Rae8 $2 (16... Bf5 $19 17. Re3 Rae8) 17. Re5 $15 Nxe5 18. dxe5 Qxd1+ 19. Qxd1+ Kc8 20. Bc5 Rd8 21. Qa4 b6 22. Bd4 Kb7 23. h3 a6 24. Qc2 c5 25. Be3 Rd3 26. Qb2 {[%emt 0:00:32] Strongly threatening Bxc5.} Rc8 27. a4 a5 28. g4 $2 ({White should play} 28. Qe2 $1 $15) 28... Bd7 $19 29. Qc2 Re8 30. Bf4 (30. Qa2 {might work better.} Rxc3 31. Kh2) 30... Rxh3 {[%emt 0:00:46] Threatens to win with ...Bc6.} 31. Bg3 $2 (31. Kg2 Rd3 32. g5) 31... Bc6 32. Kf1 Bf3 33. Ke1 Rd8 {[%emt 0:00:05] Weighted Error Value: White=0.79/Black=0.24 (precise)} 0-1

[Event "26th Hit Open-A 2022"]
[Site "Nova Gorica"]
[Date "2022.09.18"]
[Round "4.24"]
[White "Rakesh Kumar Jena"]
[Black "Goroshkova, Liudmila"]
[Result "1-0"]
[ECO "B07"]
[WhiteElo "2321"]
[BlackElo "1961"]
[Annotator "ChessBase"]
[PlyCount "54"]
[EventDate "2022.09.16"]
[EventType "swiss"]
[EventCountry "SLO"]
[SourceTitle "playchess.com"]
[Source "ChessBase"]
[SourceQuality "1"]
[TimeControl "5400+30"]

1. d4 Nf6 2. Bf4 d6 3. Nc3 c6 4. e4 Qa5 5. Bd3 e5 6. dxe5 dxe5 7. Bd2 Qc7 8. Nf3 Nbd7 9. Qe2 Be7 10. g4 Nc5 11. h3 Nfd7 12. O-O-O a5 13. Bg5 f6 14. Be3 a4 15. g5 a3 16. b4 Ne6 17. Bc4 Nf4 18. Bxf4 exf4 19. gxf6 gxf6 20. e5 Nxe5 21. Rhe1 Bf5 22. Nxe5 fxe5 23. Qxe5 Qxe5 24. Rxe5 b5 25. Nxb5 cxb5 26. Bxb5+ Kf7 27. Rxf5+ Ke6 1-0

[Event "26th Hit Open-A 2022"]
[Site "Nova Gorica"]
[Date "2022.09.18"]
[Round "4.25"]
[White "Teo, Hong Ming"]
[Black "Beliavsky, Alexander G"]
[Result "1/2-1/2"]
[ECO "E52"]
[WhiteElo "2013"]
[BlackElo "2505"]
[Annotator "ChessBase"]
[PlyCount "141"]
[EventDate "2022.09.16"]
[EventType "swiss"]
[EventCountry "SLO"]
[SourceTitle "playchess.com"]
[Source "ChessBase"]
[SourceQuality "1"]
[TimeControl "5400+30"]

1. d4 Nf6 2. c4 e6 3. Nc3 Bb4 4. e3 O-O 5. Bd2 b6 6. Nf3 d5 7. cxd5 exd5 8. Bd3 Bb7 9. Rc1 a6 10. Ne5 Bd6 11. f4 c5 12. Qf3 Nc6 13. Qh3 g6 14. Ne2 Ne4 15. Bxe4 dxe4 16. Nxc6 Bxc6 17. dxc5 Bxc5 18. b4 Bd7 19. Qh6 Be7 20. Bc3 f6 21. Nd4 Rf7 22. O-O f5 23. Rfd1 Qe8 24. g3 Ba4 25. Rf1 Bf8 26. Qh3 Rc8 27. a3 Rfc7 28. Bb2 Rxc1 29. Rxc1 Rxc1+ 30. Bxc1 Qc8 31. Bb2 Bc2 32. Qf1 Bd3 33. Qc1 Qxc1+ 34. Bxc1 Kf7 35. Kf2 Ke7 36. Nc6+ Ke6 37. Bd2 Kd5 38. Ne5 Be7 39. h4 Bb5 40. Bc3 Be8 41. Bd4 Bd8 42. Ke2 a5 43. Kd2 a4 44. Kc3 h6 45. Kd2 g5 46. hxg5 hxg5 47. Kc3 Bc7 48. Nc4 b5 49. Na5 Bd8 50. Nb7 gxf4 51. gxf4 Bh4 52. Kd2 Bc6 53. Nc5 Kc4 54. Bg7 Be7 55. Kc2 Bh4 56. Kd2 Be8 57. Be5 Bh5 58. Bg7 Be7 59. Kc2 Be2 60. Kb2 Bd1 61. Bd4 Bb3 62. Bg7 Bh4 63. Bh8 Bf2 64. Bd4 Bd1 65. Kc1 Be2 66. Kd2 Bd3 67. Bf6 Bg3 68. Be7 Bf2 69. Bf6 Bb1 70. Be7 Bd3 71. Bf6 1/2-1/2

[Event "26th Hit Open-A 2022"]
[Site "Nova Gorica"]
[Date "2022.09.18"]
[Round "4.26"]
[White "Kepplinger, Lukas"]
[Black "Goroshkov, Maksym"]
[Result "1/2-1/2"]
[ECO "D00"]
[WhiteElo "1994"]
[BlackElo "2315"]
[Annotator "ChessBase"]
[PlyCount "40"]
[EventDate "2022.09.16"]
[EventType "swiss"]
[EventCountry "SLO"]
[SourceTitle "playchess.com"]
[Source "ChessBase"]
[SourceQuality "1"]
[TimeControl "5400+30"]

1. d4 Nf6 2. Bg5 d5 3. Bxf6 exf6 4. e3 c6 5. Nf3 Bg4 6. Be2 Nd7 7. O-O Bd6 8. Nbd2 f5 9. h3 Bxf3 10. Nxf3 g5 11. Bd3 g4 12. Ne5 gxh3 13. g3 Nxe5 14. dxe5 Bxe5 15. Qh5 Qf6 16. c3 O-O-O 17. Qxf5+ Kb8 18. f4 Qxf5 19. Bxf5 Bc7 20. Kf2 h5 1/2-1/2

[Event "26th Hit Open-A 2022"]
[Site "Nova Gorica"]
[Date "2022.09.18"]
[Round "4.27"]
[White "Both, Aaron"]
[Black "Marn, Jan"]
[Result "0-1"]
[ECO "C47"]
[WhiteElo "1963"]
[BlackElo "2307"]
[Annotator "ChessBase"]
[PlyCount "68"]
[EventDate "2022.09.16"]
[EventType "swiss"]
[EventCountry "SLO"]
[SourceTitle "playchess.com"]
[Source "ChessBase"]
[SourceQuality "1"]
[TimeControl "5400+30"]

1. e4 e5 2. Nf3 Nc6 3. Nc3 Nf6 4. g3 Bc5 5. Bg2 d6 6. O-O h5 7. d3 Nd4 8. Bg5 Bg4 9. Na4 Ne6 10. Bd2 h4 11. Nxc5 dxc5 12. h3 Bxf3 13. Qxf3 Qd7 14. g4 O-O-O 15. Qf5 Qd6 16. Bc3 Nd7 17. a3 g6 18. Qf3 Nf4 19. b4 g5 20. Rfd1 Nb6 21. bxc5 Qxc5 22. Bb4 Qxc2 23. Rd2 Qxd3 24. Qd1 Qc4 25. Rc1 Rxd2 26. Bxd2 Ne2+ 27. Kh2 Nxc1 28. Bxc1 Rd8 29. Qxd8+ Kxd8 30. Bxg5+ Ke8 31. Bxh4 Qe2 32. Kg3 c5 33. Bf3 Qd2 34. Bf6 Qf4+ 0-1

[Event "26th Hit Open-A 2022"]
[Site "Nova Gorica"]
[Date "2022.09.18"]
[Round "4.28"]
[White "Mostbauer, Florian"]
[Black "Krivenko, Dion"]
[Result "1/2-1/2"]
[ECO "A49"]
[WhiteElo "2295"]
[BlackElo "2113"]
[Annotator "ChessBase"]
[PlyCount "59"]
[EventDate "2022.09.16"]
[EventType "swiss"]
[EventCountry "SLO"]
[SourceTitle "playchess.com"]
[Source "ChessBase"]
[SourceQuality "1"]
[TimeControl "5400+30"]

1. d4 Nf6 2. Nf3 g6 3. g3 Bg7 4. Bg2 O-O 5. O-O d6 6. a4 Nbd7 7. a5 a6 8. c4 c5 9. Nc3 Rb8 10. dxc5 Nxc5 11. Nd4 e5 12. Nb3 b6 13. Bg5 Be6 14. axb6 Nxb3 15. Qxb3 Qxb6 16. Qxb6 Rxb6 17. Bxf6 Bxf6 18. Nd5 Bxd5 19. Bxd5 e4 20. Bxe4 Bxb2 21. Ra2 Re8 22. Bd3 Bd4 23. e3 Bc5 24. Rfa1 Ra8 25. Bc2 Bb4 26. Kf1 a5 27. Ba4 Rc8 28. Rc2 Kg7 29. Ke2 Rc5 30. Rd1 1/2-1/2

[Event "26th Hit Open-A 2022"]
[Site "Nova Gorica"]
[Date "2022.09.18"]
[Round "4.29"]
[White "Vah, Denis"]
[Black "Stevanic, David"]
[Result "0-1"]
[ECO "D34"]
[WhiteElo "1988"]
[BlackElo "2261"]
[Annotator "ChessBase"]
[PlyCount "120"]
[EventDate "2022.09.16"]
[EventType "swiss"]
[EventCountry "SLO"]
[SourceTitle "playchess.com"]
[Source "ChessBase"]
[SourceQuality "1"]
[TimeControl "5400+30"]

1. d4 d5 2. c4 e6 3. Nc3 c5 4. cxd5 exd5 5. Nf3 Nc6 6. g3 Nf6 7. Bg2 Be7 8. Bg5 cxd4 9. Nxd4 h6 10. Be3 O-O 11. O-O Re8 12. Rc1 Be6 13. Qa4 Ne5 14. Nxe6 fxe6 15. Bd4 Nc6 16. Rfd1 Nxd4 17. Qxd4 b6 18. Qd3 Bc5 19. e3 Rc8 20. Ne2 Ng4 21. b3 Qf6 22. Rf1 Ne5 23. Qb1 Nf3+ 24. Bxf3 Qxf3 25. Qd3 e5 26. Nc3 Red8 27. Rfd1 Ba3 28. Rb1 d4 29. Qe4 Qxe4 30. Nxe4 Rc2 31. exd4 Rxd4 32. Rxd4 exd4 33. Rd1 Bc5 34. Rd2 Rc1+ 35. Kg2 Kf7 36. Nxc5 bxc5 37. b4 Ke6 38. bxc5 Kd5 39. Kf3 Rxc5 40. Ke2 Rc3 41. Rb2 Ke4 42. f4 Ra3 43. Kd2 h5 44. Ke2 h4 45. Kd2 hxg3 46. hxg3 Rxg3 47. Rb7 Rg2+ 48. Kc1 Rxa2 49. Rxg7 Kxf4 50. Rd7 Ke3 51. Re7+ Kd3 52. Rd7 a5 53. Ra7 Rc2+ 54. Kd1 Rc5 55. Rh7 Kc3 56. Kc1 a4 57. Kb1 d3 58. Rh3 Rb5+ 59. Ka2 Kc2 60. Rh8 Rc5 0-1

[Event "26th Hit Open-A 2022"]
[Site "Nova Gorica"]
[Date "2022.09.18"]
[Round "4.30"]
[White "Thuesen, Mogens"]
[Black "Mihelic, Vesna"]
[Result "1-0"]
[ECO "D36"]
[WhiteElo "2242"]
[BlackElo "2031"]
[Annotator "RC"]
[PlyCount "125"]
[EventDate "2022.09.16"]
[EventType "swiss"]
[EventCountry "SLO"]
[SourceTitle "playchess.com"]
[Source "ChessBase"]
[SourceQuality "1"]
[TimeControl "5400+30"]

1. d4 d5 2. c4 e6 3. Nc3 Nf6 4. cxd5 exd5 5. Bg5 Nbd7 6. e3 Be7 7. Bd3 c6 8. Nge2 Nf8 9. Qc2 Ne6 10. Bh4 g6 11. O-O O-O 12. f3 b6 13. Rad1 Ng7 14. Kh1 Be6 15. Bf2 Rc8 16. Qd2 Qc7 17. e4 Rcd8 18. e5 Nd7 19. f4 f6 20. Bh4 Bf5 21. Rc1 Nb8 22. Ng3 Bxd3 23. Qxd3 fxe5 24. Bxe7 Qxe7 25. dxe5 Nd7 26. Nce2 Nc5 27. Qa3 Qc7 28. Nd4 Nge6 29. Nge2 a5 30. Qh3 Rde8 31. b3 Nd8 32. a3 Nce6 33. Rxc6 Nxc6 34. Nxe6 Qe7 35. Nxf8 Rxf8 36. Rc1 Nd8 37. Qd3 Qd7 38. g3 Ne6 39. Nd4 Rc8 40. Rd1 Nc5 41. Qf3 Ne4 42. Kg2 Rc3 43. Rd3 Rc1 44. Ne2 Rc2 45. Qxe4 dxe4 46. Rxd7 Rxe2+ 47. Kh3 Rb2 48. Kg4 h6 49. Rd6 Rxh2 50. Rxg6+ Kf7 51. Rxb6 e3 52. Rc6 Rb2 53. Rc3 e2 54. Re3 Rxb3 55. Rxe2 Rxa3 56. f5 h5+ 57. Kh4 a4 58. e6+ Ke8 59. Kxh5 Rxg3 60. f6 a3 61. Rc2 Kd8 62. e7+ Kd7 63. Rd2+ 1-0

[Event "26th Hit Open-A 2022"]
[Site "Nova Gorica"]
[Date "2022.09.18"]
[Round "4.31"]
[White "Alexandrova, Angelina"]
[Black "Acimovic, Vasja"]
[Result "0-1"]
[ECO "D11"]
[WhiteElo "1842"]
[BlackElo "2237"]
[Annotator "TA"]
[PlyCount "60"]
[EventDate "2022.09.16"]
[EventType "swiss"]
[EventCountry "SLO"]
[SourceTitle "playchess.com"]
[Source "ChessBase"]
[SourceQuality "1"]
[TimeControl "5400+30"]

1. Nf3 d5 2. d4 Nf6 3. g3 c6 4. Bg2 Bf5 5. O-O e6 6. Nbd2 h6 7. c4 Be7 8. a3 a5 9. b3 O-O 10. Bb2 Nbd7 11. c5 {[%emt 0:01:14] D11: Slav Defence: 3 Nf3 sidelines and 3...Nf6 4 e3 Bg4.} b6 12. b4 Qc7 13. Bc3 {[%emt 0:05:10] [#] Black has an edge.} bxc5 $146 ({Predecessor:} 13... Qb7 14. Nh4 Bh7 15. e3 axb4 16. axb4 bxc5 17. dxc5 Bd3 {½-½ (17) Weissenfels,G (1451)-Prohl,F (1818) GER email 2009}) 14. bxc5 a4 15. Nh4 Bh7 16. f4 (16. e3 $1 $11 {was the only way to keep the balance.}) 16... Ng4 $17 17. Qc1 Bxh4 18. gxh4 Ne3 $36 {[%emt 0:02:40][%mdl 2048] Black is in control.} 19. Rf3 Nxg2 {[%emt 0:03:44] Black has more active pieces.} 20. Kxg2 Nf6 21. e3 (21. Rf1 $17) 21... Qe7 (21... Ne4 $19 {Strongly threatening ...Nxd2.} 22. Rf1 Nxc3 23. Qxc3 Rfb8) 22. Rg3 (22. Kg1 $17 {was the only chance.}) 22... Nh5 $19 23. Qe1 Nxg3 24. Qxg3 Kh8 25. Kf2 f6 26. Rg1 Rab8 27. Bb4 e5 28. Nf3 (28. Bc3 $142) 28... Be4 {[%emt 0:01:44] Black is clearly winning.} 29. dxe5 (29. Nd2 $142) 29... fxe5 30. Nxe5 Qxe5 {[%emt 0:00:33] Black took control after the opening.  Weighted Error Value: White=1.00/Black=0.13 (very precise)} 0-1

[Event "26th Hit Open-A 2022"]
[Site "Nova Gorica"]
[Date "2022.09.18"]
[Round "4.32"]
[White "Garsky, Vladyslav"]
[Black "Cirkvencic, Franci"]
[Result "1-0"]
[ECO "B22"]
[WhiteElo "2229"]
[BlackElo "1987"]
[Annotator "TA"]
[PlyCount "95"]
[EventDate "2022.09.16"]
[EventType "swiss"]
[EventCountry "SLO"]
[SourceTitle "playchess.com"]
[Source "ChessBase"]
[SourceQuality "1"]
[TimeControl "5400+30"]

1. e4 c5 2. c3 Nf6 3. e5 Nd5 4. Bc4 Nb6 5. Bb3 d5 6. d4 cxd4 7. cxd4 Bf5 {[%emt 0:00:30] B22: Sicilian: 2 c3.} 8. Ne2 e6 9. O-O Nc6 {[%emt 0:07:03] The position is equal.} 10. Ng3 Bg6 11. f4 Ne7 {[%emt 0:03:04] [#] Against f5} 12. Nc3 $146 ({Predecessor:} 12. Bc2 Bxc2 13. Qxc2 Rc8 14. Nc3 Nc6 15. Nge2 g6 16. a3 Nc4 17. b3 N4a5 18. b4 {0-1 (36) Maurino,L-Dansker,G Bratislava 1993}) 12... h5 13. Na4 (13. Qf3 $11) 13... h4 $15 14. Nxb6 Qxb6 15. Ba4+ {[%emt 0:00:03] [#]} Nc6 (15... Kd8 $1 $17 16. f5 Bh7) 16. f5 $14 hxg3 {[%emt 0:00:47] White stays focused until the end.} (16... exf5 $1 $14 17. Nxf5 Rh5 18. Nd6+ Bxd6 19. exd6 h3) 17. fxg6 $16 O-O-O (17... gxh2+ $2 18. Kh1 $18) 18. Bxc6 (18. gxf7 Bc5 19. h3 Nxd4) 18... bxc6 19. h3 (19. Rxf7 $6 Rxh2 20. Qd3 Bb4 21. Rxg7 Rdh8 $11) 19... fxg6 20. Bg5 {[%emt 0:00:44] Prevents Be7.} Rd7 21. Rc1 Be7 {[%emt 0:06:35] [#]} (21... c5 $16 22. Rf3 c4) 22. Qa4 $1 $18 Kb7 (22... Kc7 {was worth a try.}) (22... Kb8 23. Bxe7) 23. Bxe7 {[%emt 0:01:12] Chess con chili.} (23. Rf7 Re8 24. Rxg7 Rc7 $18) 23... Rxe7 24. Rf3 Ka8 25. Rb3 Qc7 26. Rxc6 Qd7 27. Rbc3 Rb8 28. b3 ({Resist} 28. Rxg3 $6 Rb6 29. Rgc3 Re8 $18) 28... Ree8 29. Qa5 {[%emt 0:00:24] Threatens to win with Rc7.} ({Don't take} 29. Rxg3 Rb6 30. Rc4 Qxa4 31. Rxa4 Re7 32. Rxg6 Rc6 $18) 29... Qf7 (29... Rb7 {was necessary.} 30. Qc5 Re7 31. Rxg3 g5 32. Rxg5 Rc7) 30. Rf3 {[%emt 0:00:18] Active counter play!} Qb7 31. Rc7 Qb6 32. Qxb6 axb6 33. Rxg3 {[%emt 0:00:46][%mdl 4096] Endgame KRR-KRR} Rb7 34. Rc6 Ka7 35. Rxg6 Rbe7 36. b4 b5 37. Kf2 Kb7 38. Rd6 Kc7 $2 (38... Ra8 39. Kg3 Ra3+ 40. Kf4 Rf7+ 41. Kg4 Rxa2) 39. h4 {[%emt 0:00:45][%cal Bh3h4,Bh4h5][%mdl 32] White is clearly winning.} Kb7 40. h5 Kc7 41. g4 Ra8 42. Rgxe6 Rf7+ 43. Kg3 Rxa2 44. Rc6+ Kb7 45. Rb6+ Ka7 46. Rxb5 Ra3+ 47. Kh4 Rf1 48. Rxd5 {[%emt 0:00:19] Weighted Error Value: White=0.16 (very precise) /Black=0.52} 1-0

[Event "26th Hit Open-A 2022"]
[Site "Nova Gorica"]
[Date "2022.09.18"]
[Round "4.33"]
[White "Vidmar, Klara"]
[Black "Marchesich, Giovanni"]
[Result "1/2-1/2"]
[ECO "B13"]
[WhiteElo "1788"]
[BlackElo "2189"]
[Annotator "TA"]
[PlyCount "42"]
[EventDate "2022.09.16"]
[EventType "swiss"]
[EventCountry "SLO"]
[SourceTitle "playchess.com"]
[Source "ChessBase"]
[SourceQuality "1"]
[TimeControl "5400+30"]

1. e4 c6 2. d4 d5 3. exd5 cxd5 4. c4 Nf6 5. Nc3 Nc6 6. Bg5 Be6 7. c5 {[%emt 0:01:08] 7.Be2 gains popularity.} g6 {[%emt 0:01:32] B13: Caro-Kann: Exchange Variation and Panov-Botvinnik Attack.} 8. Nf3 Bg7 9. Bb5 O-O 10. O-O {[%emt 0:00:59] [#]} Nd7 $146 ({Better is} 10... Ne4 $15 11. Be3 Bg4) ({Predecessor:} 10... Ne4 11. Re1 Nxg5 12. Nxg5 Nxd4 13. Bd3 Qd7 14. Rc1 Bg4 15. f3 Bf5 16. g4 Bxd3 17. Qxd3 {0-1 (29) Tymrakiewicz,R (2205)-Gunina,V (2471) Chess.com INT 2022}) 11. Re1 $14 Ndb8 12. h3 h6 13. Bf4 g5 14. Be5 {White has more active pieces.} Nxe5 15. Nxe5 ({Of course not} 15. dxe5 Nc6 $11) 15... Bf5 {[%emt 0:01:57] [#] Against Ng6} 16. g4 (16. c6 $1 $16 Bc8 17. Qh5) 16... Bh7 $1 $11 17. c6 Nxc6 18. Bxc6 bxc6 (18... Bxe5 $14 19. Bxb7 Rb8) 19. Nxc6 $16 Qb6 (19... Qd7 $16 20. Nxe7+ Kh8) 20. Nxe7+ {[%emt 0:00:02] Pair of Knights!} (20. Nxd5 $18 Qxb2 21. Re2 (21. Rxe7 Rae8 $16) (21. Ncxe7+ Kh8 $14)) 20... Kh8 $14 21. Nexd5 (21. Re2 $14) 21... Qxd4 {Weighted Error Value: White=0.30/Black=0.25 (precise)} (21... Qxb2 $11 22. a3 Rad8) 1/2-1/2